 Dungeon Crawl Stone Soup version 0.30-a0-339-g89bb51ec76 (webtiles) character file.

Game seed: 6134764286793965634

327 pokeman the Magician (level 6, -1/34 HPs)
             Began as a Deep Elf Hedge Wizard on Oct 27, 2022.
             Slain by a gnoll bouda
             ... wielding a +0 rapier
              (12 damage)
             ... on level 4 of the Dungeon on Oct 31, 2022.
             The game lasted 00:11:20 (4227 turns).

pokeman the Magician (Deep Elf Hedge Wizard)        Turns: 4227, Time: 00:11:20

Health: -1/34      AC:  5    Str:  7    XL:     6   Next: 24%
Magic:  15/17      EV: 12    Int: 21    God:
Gold:   73         SH:  0    Dex: 14    Spells: 10/18 levels left

rFire   . . .      SeeInvis .    v - +1 hand axe (elec)
rCold   . . .      Faith    .    (no shield)
rNeg    . . .      Spirit   .    h - +0 leather armour
rPois   .          Reflect  .    j - +1 hat
rElec   .          Harm     .    (no cloak)
rCorr   .          Rampage  .    k - +0 pair of gloves
Will    .....                    (no boots)
Stlth   ++........               l - amulet of regeneration
HPRegen 1.05/turn                (no ring)
MPRegen 0.15/turn                (no ring)

@: no status effects
A: no striking features
a: no special abilities


You were on level 4 of the Dungeon.
You visited 1 branch of the dungeon, and saw 6 of its levels.

You collected 148 gold pieces.
You spent 75 gold pieces at shops.

Inventory:

Hand Weapons
 v - a +1 hand axe of electrocution (weapon)
Armour
 h - a +0 leather armour (worn)
 j - a +1 hat (worn)
 k - a +0 pair of gloves (worn)
 p - a +0 buckler
Magical Staves
 a - a staff of air
Jewellery
 l - an amulet of regeneration (around neck)
 o - an amulet of the acrobat
Scrolls
 c - a scroll of immolation {unknown}
 e - 3 scrolls of teleportation {unknown}
 f - a scroll of amnesia {unknown}
 i - 2 scrolls of blinking {unknown}
 m - a scroll of magic mapping
 s - a scroll of noise {unknown}
 t - 4 scrolls of identify {unknown}
Potions
 b - 4 potions of curing {unknown}
 d - 2 potions of magic
 g - a potion of degeneration {unknown}
 n - 3 potions of brilliance {unknown}
 q - 2 potions of might
 u - a potion of attraction {unknown}


   Skills:
 + Level 1.0 Fighting
 - Level 1.0 Armour
 - Level 3.0 Dodging
 - Level 3.0 Stealth
 - Level 1.0 Shields
 * Level 6.9 Spellcasting
 + Level 3.1 Conjurations
 - Level 1.1 Summonings
 - Level 1.1 Translocations
 - Level 1.1 Air Magic
 + Level 0.0 Poison Magic
 - Level 1.0 Evocations


You had 10 spell levels left.
You knew the following spells:

 Your Spells              Type           Power      Damage    Failure   Level
a - Magic Dart            Conj           80%        1d7       3%          1
b - Mephitic Cloud        Conj/Pois/Air  13%        N/A       22%         3
c - Call Imp              Summ           11%        N/A       12%         2
d - Blink                 Tloc           22%        N/A       12%         2

Your spell library contained the following spells:

 Spells                   Type           Power      Damage    Failure   Level
 Freeze                   Ice            28%        1d5       13%         1
 Slow                     Hex            28%        N/A       13%         1
 Cigotuvi's Dreadful Rot  Necr/Pois/Air  16%        N/A       17%         2
 Hailstorm                Conj/Ice       13%        3d5       21%         3
 Frozen Ramparts          Ice            14%        1d3       36%         3


Dungeon Overview and Level Annotations

Branches:
Dungeon (6/15)
 Temple: D:4-7

Altars:
Cheibriados
Nemelex Xobeh
Okawaru
Yredelemnul

Shops:
D:2 [   D:3 ?


Message History

The gnoll bouda hits you with a +0 rapier.
You catch the helpless gnoll bouda completely off-guard!
You hit the gnoll bouda but do no damage.
The gnoll bouda is moderately wounded.
The gnoll bouda is engulfed in noxious fumes.
The gnoll bouda appears confused.
The gnoll bouda hits you with a +0 rapier.
A gnoll comes into view. It is wielding a +0 club.
You barely miss the gnoll bouda. You punch the gnoll bouda.
The gnoll bouda is moderately wounded.
The gnoll bouda is engulfed in noxious fumes.
The gnoll bouda appears confused.
The gnoll bouda hits you with a +0 rapier.
The gnoll misses you.
The gnoll bouda is engulfed in noxious fumes.
The gnoll bouda appears confused.
The gnoll bouda hits you with a +0 rapier.
The gnoll bouda hits itself with a +0 rapier.
The gnoll barely misses you.
You hit the gnoll bouda.
The gnoll bouda is heavily wounded.
The gnoll hits you from afar with a +0 spear.
Unknown command.
You barely miss the gnoll bouda.
The gnoll bouda is heavily wounded.
The gnoll bouda hits you with a +0 rapier.
The gnoll hits you from afar with a +0 spear.
Unknown command.
You strike the helpless gnoll bouda from behind!
You hit the gnoll bouda.
The gnoll bouda is heavily wounded.
The gnoll bouda barely misses you.
The gnoll hits you from afar with a +0 spear.
The gnoll bouda hits you with a +0 rapier.
The gnoll drinks a potion.
The gnoll seems to grow stronger.
You hit the gnoll bouda.
The gnoll bouda is heavily wounded.
The gnoll hits you from afar with a +0 spear.
The gnoll bouda hits you with a +0 rapier!
You die...

## #.. ### #.# ..# #.# #
#.# #.# #####.##### #)##
###.###.........#
...######........>..###.#
.#..............##..###.
...##.#####.....@gg.....
#.###.#####.######g.##..
#.# #.......######..# .#
#.# #..####.......g... .
#.# #..# #####.##.##..
#.# #..# <. #.# #..# .
...# ##.##


You could see a gnoll bouda (confused) and 2 gnolls.

Vanquished Creatures
  3 hounds
  Terence (D:2)
  A gnoll (D:1)
  4 adders
  2 ufetubi (D:4)
  A worm (D:3)
  3 dart slugs
  5 orcs
  7 endoplasms
  6 giant cockroaches
  4 goblins
  4 hobgoblins
  11 jackals
  8 kobolds
  5 quokkas
  6 ball pythons
  3 bats (D:1)
  2 frilled lizards
  8 rats
84 creatures vanquished.

Vanquished Creatures (collateral kills)
  A scorpion (D:4)
  An orc (D:2)
2 creatures vanquished.

Vanquished Creatures (others)
  11 plants
11 creatures vanquished.

Grand Total: 97 creatures vanquished

Notes
Turn   | Place    | Note
-------+----------+-------------------------------------------
     0 | D:1      | pokeman the Deep Elf Hedge Wizard began the quest for the
                  | Orb.
     0 | D:1      | Reached XP level 1. HP: 10/10 MP: 7/7
   444 | D:1      | Reached XP level 2. HP: 15/15 MP: 7/9
   963 | D:1      | Upgraded the game from 0.30-a0-322-g102857c98e to
                  | 0.30-a0-339-g89bb51ec76
  1042 | D:1      | Reached skill level 5 in Spellcasting
  1042 | D:1      | Reached XP level 3. HP: 20/20 MP: 3/11
  1046 | D:1      | Learned a level 3 spell: Mephitic Cloud
  1049 | D:1      | Learned a level 2 spell: Call Imp
  1052 | D:1      | Learned a level 2 spell: Blink
  1195 | D:2      | Found Vysuj's Antique Armour Emporium.
  1587 | D:2      | Reached skill level 1 in Fighting
  1780 | D:2      | Reached skill level 1 in Armour
  1801 | D:2      | Reached XP level 4. HP: 23/25 MP: 3/13
  2019 | D:2      | Noticed Terence
  2047 | D:2      | Killed Terence
  2350 | D:3      | Found a snail-covered altar of Cheibriados.
  2539 | D:3      | Found Entigu's Magic Scroll Emporium.
  2542 | D:3      | Bought a scroll of magic mapping for 75 gold pieces
  2616 | D:3      | Found a basalt altar of Yredelemnul.
  2826 | D:3      | Reached skill level 6 in Spellcasting
  2865 | D:3      | Reached XP level 5. HP: 29/29 MP: 6/15
  2974 | D:3      | You fall into a shaft and drop 3 floors!
  3022 | D:6      | Found a sparkling altar of Nemelex Xobeh.
  3077 | D:5      | Entered Level 5 of the Dungeon
  3098 | D:5      | Reached skill level 1 in Shields
  3266 | D:4      | Found an iron altar of Okawaru.
  3663 | D:4      | Reached skill level 1 in Air Magic
  3663 | D:4      | Reached skill level 1 in Evocations
  3663 | D:4      | Reached XP level 6. HP: 7/34 MP: 4/17
  4227 | D:4      | Slain by a gnoll bouda

Illustrated notes

Levels and vault maps discovered:
D:1:      eino_arrival_water_cross, layout_loops_ring, nicolae_grassy_gnolls
D:2:      layout_rooms, serial_forest, infiniplex_forest_lined_2,
          infiniplex_forest_clump_long, infiniplex_forest_clump_tiny,
          infiniplex_forest_clump_medium, infiniplex_forest_zigzag_1,
          infiniplex_forest_lined_2, infiniplex_forest_lined_room_3,
          infiniplex_forest_clump_medium, serial_shops, shop,
          grunt_ministairs_7, uniq_terence
D:3:      layout_loops_ring, marbit_many_paths,
          mainiacjoe_overflow_concentric_impassable, serial_shops,
          nicolae_shop_window_shopping
D:4:      layout_loops_ring, lemuel_coloured_pillars_altar, okawaru_gym_becter,
          minmay_temple_entry_poolview, minmay_bent
D:5:      layout_loops_ring, nicolae_vehumet_altar_sigil
D:6:      hellmonk_destroyed_diamonds, layout_rooms, lemuel_round_altar

Skill      XL: |  1  2  3  4  5 |
---------------+----------------+-----
Spellcasting   | 5 6 |  6.9
Fighting       | 1 |  1.0
Conjurations   | 2 3 |  3.1
Armour         | 1 |  1.0
Dodging        | 3 |  3.0
Shields        | 1 |  1.0
Stealth        | 3 |  3.0
Air Magic      | 1 |  1.1
Evocations     | 1 |  1.0
Summonings     | |  1.1
Translocations | |  1.1

Action                   |  1- 3 |  4- 6 || total
-------------------------+-------+-------++-------
Melee: Dagger            |     7 |       ||     7
       Punch             |     3 |     3 ||     6
       Hand axe          |     9 |    69 ||    78
       Spear             |     4 |       ||     4
 Cast: Magic Dart        |    94 |   105 ||   199
       Mephitic Cloud    |     1 |     6 ||     7
       Call Imp          |     1 |     1 ||     2
 Stab: Confused          |       |     6 ||     6
Armor: Leather armour    |    22 |    23 ||    45
Dodge: Dodged            |    53 |    52 ||   105

Table legend: (Time is in decaauts)
 A = Elapsed time spent in this place.
 B = Non-inter-level travel time spent in this place.
 C = Inter-level travel time spent in this place.
 D = Time resting spent in this place.
 E = Time spent auto-exploring this place.
 F = Levels seen in this place.
 G = Mean time per level.
                   A        B        C        D        E       F      G
               +--------+--------+--------+--------+--------+-----+--------+
         Total |   4249 |   4087 |    162 |    363 |   2809 |   6 |  708.2 |
       Dungeon |   4249 |   4087 |    162 |    363 |   2809 |   6 |  708.2 |
               +--------+--------+--------+--------+--------+-----+--------+

Top non-repeatable levels by time:
     D:1: 1323 daAuts
     D:3: 1027 daAuts
     D:2: 961 daAuts
     D:4: 811 daAuts
     D:6: 102 daAuts
     D:5: 21 daAuts
